 Dungeon Crawl Stone Soup version 0.25-a0-865-gd392131cc7 (console) character file.

Game seed: 6368595700782953865, levelgen mode: classic

121 Duffy the Shield-Bearer (level 5, 5/41 HPs)
             Began as a Formicid Fighter on Apr 30, 2020.
             Quit the game on level 4 of the Dungeon.
             The game lasted 00:01:19 (1938 turns).

Duffy the Shield-Bearer (Formicid Fighter)          Turns: 1938, Time: 00:01:20

Health: 5/41       AC:  6    Str: 20    XL:     5   Next: 26%
Magic:  5/5        EV:  8    Int:  9    God:
Gold:   89         SH: 10    Dex: 10    Spells: 4/4 levels left

rFire    . . .     SeeInvis +   a - +0 war axe
rCold    . . .     Gourm    .   c - +0 kite shield
rNeg     . . .     Faith    .   b - +0 scale mail
rPois    .         Spirit   .   (helmet unavailable)
rElec    .         Reflect  .   (no cloak)
rCorr    .         Harm     .   (no gloves)
MR       .....                  (no boots)
Stlth    ..........             (no amulet)
HPRegen  0.13/turn              (no ring)
MPRegen  0.09/turn              (no ring)

@: lethally poisoned (5 -> -1), flying
A: permanent stasis, dig shafts and tunnels, four strong arms, antennae 3
a: Dig, Shaft Self


You were on level 4 of the Dungeon.
You were not hungry.

You visited 1 branch of the dungeon, and saw 3 of its levels.

You collected 89 gold pieces.

Inventory:

Hand Weapons
 a - a +0 war axe (weapon)
Armour
 b - a +0 scale mail (worn)
 c - a +0 kite shield (worn)
 l - a +1 leather armour of fire resistance
Scrolls
 e - 3 scrolls of identify {unknown}
 h - 2 scrolls of teleportation {unknown}
 i - a scroll of enchant weapon {unknown}
 k - 2 scrolls of remove curse {unknown}
Potions
 d - a potion of might
 j - 3 potions of flight
Comestibles
 f - a ration
 m - 7 chunks of flesh


   Skills:
 - Level 3.2 Fighting
 + Level 3.8 Axes
 - Level 3.2 Armour
 + Level 5.4 Shields


You had 4 spell levels left.
You didn't know any spells.
Your spell library was empty.

Dungeon Overview and Level Annotations

Branches:
Dungeon (2/15)

Altars:

Annotations:
D:2 Sigmund


Innate Abilities, Weirdness & Mutations

You cannot be hasted, slowed, berserked, paralysed or teleported.
You can dig through walls and to a lower floor.
Your four strong arms can wield two-handed weapons with a shield.
You have a pair of large antennae on your head. (SInv)


Message History

You feel sick. The worker ant closely misses you.
You block the worker ant's attack.
You hit the worker ant.
The worker ant is almost dead.
You feel sick. The worker ant bites you.
You slash the worker ant!
You kill the worker ant!
You feel sick.
Okay, then.
There is a lethal amount of poison in your body!
It was a potion of flight.
You feel very buoyant.
You fly up into the air.
You feel sick.
It was a potion of berserk rage.
Your stasis prevents you from going berserk.
There is a lethal amount of poison in your body!
You feel sick.
You see here a ration.
You feel sick.
Are you sure you want to abandon this character and quit the game? (Confirm with "yes".)

### { ... #.#
#.### { #)#)##
#%.#.# #
######.#.####
#.##.@....#.#
..#...%######.#
#............#
#.############
{#


There were no monsters in sight!

Vanquished Creatures
  Jessica (D:2)
  Terence (D:2)
  A worker ant (D:4)
  An adder (D:2)
  A dart slug (D:1)
  A leopard gecko (D:1)
  3 orcs (D:4)
  4 bats
  A giant cockroach (D:1)
  A goblin (D:1)
  3 hobgoblins (D:1)
  5 kobolds
  A quokka (D:2)
  A ball python (D:2)
  4 frilled lizards
  4 rats
33 creatures vanquished.

Notes
Turn   | Place    | Note
-------+----------+-------------------------------------------
     0 | D:1      | Duffy the Formicid Fighter began the quest for the Orb.
     0 | D:1      | Reached XP level 1. HP: 18/18 MP: 1/1
    65 | D:1      | Reached skill level 4 in Shields
    65 | D:1      | Reached XP level 2. HP: 17/24 MP: 2/2
   740 | D:1      | Reached XP level 3. HP: 29/29 MP: 3/3
  1095 | D:2      | Noticed Terence
  1114 | D:2      | Killed Terence
  1114 | D:2      | Reached XP level 4. HP: 35/35 MP: 4/4
  1168 | D:2      | Noticed Jessica
  1186 | D:2      | Killed Jessica
  1186 | D:2      | Reached skill level 5 in Shields
  1708 | D:2      | Noticed Sigmund
  1721 | D:2      | You fall into a shaft and drop 2 floors!
  1882 | D:4      | Reached XP level 5. HP: 38/41 MP: 5/5
  1938 | D:4      | Quit the game

Levels and vault maps discovered:
D:1:      nzn_arrival_depleted_hourglass, layout_basic
D:2:      kb_forest_paths, layout_basic, uniq_jessica, uniq_terence,
          uniq_sigmund
D:4:      layout_basic, first_ration, nicolae_ossuary_entry_false_entrances,
          uniq_menkaure, uniq_grinder

Skill      XL: |  1  2  3  4 |
---------------+-------------+-----
Shields        | 4 5 |  5.4
Axes           | 3 |  3.8
Fighting       | |  3.2
Armour         | |  3.2

Action                   |  1- 3 |  4- 6 || total
-------------------------+-------+-------++-------
Melee: War axe           |    95 |    57 ||   152
 Abil: Dig               |       |     3 ||     3
       Shaft Self        |       |     1 ||     1
  Use: Potion            |       |     2 ||     2
  Eat: Chunk             |     1 |     3 ||     4
Armor: Scale mail        |    38 |    14 ||    52
Dodge: Dodged            |    42 |    15 ||    57
Block: Kite shield       |    61 |    27 ||    88

Table legend:
 A = Non-vault XP
 B = Vault XP
 C = Vault XP percentage of total XP
 D = Non-vault monster count
 E = Vault monster count
 F = Vault count percentage of total count
                 A         B        C        D         E       F
            +---------+---------+-------+---------+---------+-------
      Total |      99 |      74 |  42.8 |      30 |       3 |   9.1
            +---------+---------+-------+---------+---------+-------
        D:1 |      32 |       0 |   0.0 |      17 |       0 |   0.0
        D:2 |      24 |      74 |  75.5 |       9 |       3 |  25.0
        D:4 |      43 |       0 |   0.0 |       4 |       0 |   0.0
            +---------+---------+-------+---------+---------+-------
